AoeStats
← Maxi

Arena

509711061Analyzed
1v1 RM · 5d ago on Sep 27, 2026· 73m 56s· 2 players
Game mode
Random Map
Map size
Tiny (2 player)
Population
200
Speed
Normal
Resources
Standard
Victory
Conquest
Starting age
Dark Age
Ending age
Imperial Age
RankedLock teamsTeams togetherTeam positionsShared explorationLock speedFull tech treeHidden civsTurbo modeCheats
Victory
Defeat
🇺🇸 Vietnamese · United States
1064
+16
🇧🇷 Cumans · Brazil
1062
-16
Maxi
8:47 Feudal Age
10:36 Double-Bit Axe
17:28 Horse Collar
20:28 Castle Age
18:15 Loom
21:38 Wheelbarrow
21:38 Bloodlines
24:00 Capped Ram
24:53 Scale Barding Armor
25:42 Forging
26:50 Gold Mining
28:54 Chain Barding Armor
29:10 Iron Casting
31:32 Heavy Plow
37:18 Imperial Age
35:12 Hand Cart
36:10 Fletching
36:21 Padded Archer Armor
36:49 Bodkin Arrow
36:56 Stone Mining
37:42 Gold Shaft Mining
37:20 Cavalier
38:38 Plate Barding Armor
39:04 Blast Furnace
38:21 Leather Archer Armor
38:04 Town Watch
38:52 Crop Rotation
40:09 Siege Ram
40:14 Paladin
41:21 Devotion
41:32 Fervor
41:43 Sanctity
41:04 Elite Kipchak
42:05 Conscription
41:52 Steppe Husbandry
45:18 Chemistry
44:39 Ballistics
44:27 Thumb Ring
44:52 Parthian Tactics
46:33 Masonry
47:37 Elite Skirmisher
50:52 Ring Archer Armor
51:50 Murder Holes
64:24 Bow Saw
66:02 Light Cavalry
68:34 Hussar
cannedbeans
10:39 Feudal Age
14:38 Castle Age
13:08 Double-Bit Axe
13:07 Horse Collar
13:39 Gold Mining
14:58 Stone Mining
16:11 Bow Saw
16:17 Heavy Plow
19:30 Loom
23:02 Wheelbarrow
24:13 Stone Shaft Mining
24:28 Hand Cart
23:59 Town Watch
27:54 Pikeman
28:34 Squires
28:26 Fletching
28:37 Scale Mail Armor
28:47 Forging
28:39 Padded Archer Armor
29:01 Ballistics
28:52 Masonry
29:33 Bodkin Arrow
34:25 Imperial Age
32:23 Fortified Wall
32:09 Murder Holes
31:55 Treadmill Crane
34:03 Chain Mail Armor
34:23 Iron Casting
36:19 Chemistry
36:49 Two-Man Saw
36:21 Crop Rotation
35:53 Halberdier
36:36 Bracer
37:58 Plate Mail Armor
37:44 Leather Archer Armor
37:37 Siege Engineers
41:49 Ring Archer Armor
41:10 Arson
41:59 Town Patrol
46:11 Paper Money
48:01 Hoardings
51:45 Elite Rattan Archer
62:00 Thumb Ring
61:16 Elite Skirmisher
63:19 Imperial Skirmisher
Connection lost

Rejoining the realm…

Still unreachable

The connection could not be restored.

Session expired

The server has moved on; the page needs a fresh start.